 Dungeon Crawl Stone Soup version 0.16.2-12-gd0ad4c3 (webtiles) character file.

3290 faibistes the Thaumaturge (level 9, -9/49 HPs)
             Began as a Deep Elf Wizard on May 14, 2018.
             Was a Priest of Sif Muna.
             Mangled by Joseph
             ... wielding a +0 quarterstaff
              (12 damage)
             ... on level 7 of the Dungeon.
             The game lasted 00:25:39 (11148 turns).

faibistes the Thaumaturge (Deep Elf Wizard)        Turns: 11148, Time: 00:25:40

Health: -9/49      AC:  3    Str:  4    XL:     9   Next: 69%
Magic:  28/30      EV: 15    Int: 27    God:    Sif Muna [***...]
Gold:   143        SH:  0    Dex: 13    Spells: 6 memorised, 15 levels left

rFire  + . .     SeeInvis .     I - +7 hand axe "Ampiy" {drain, Contam rF+ rN+}
rCold  . . .     Clarity  .     a - +0 robe
rNeg   + . .     SustAb   .     (no shield)
rPois  .         Gourm    .     b - +0 hat
rElec  .         Spirit   .     F - +0 cloak {MR+} (curse)
rCorr  .         Warding  .     (no gloves)
rMut   .         Stasis   .     (no boots)
MR     +....                    (no amulet)
Stlth  ++........               (no ring)
                                (no ring)

@: repel missiles, somewhat resistant to hostile enchantments, unstealthy
A: no striking features
a: Channel Energy, Forget Spell, Renounce Religion


You were on level 7 of the Dungeon.
You worshipped Sif Muna.
Sif Muna was most pleased with you.
You were not hungry.

You visited 2 branches of the dungeon, and saw 9 of its levels.

You collected 242 gold pieces.
You spent 99 gold pieces at shops.

Inventory:

Hand weapons
 i - a cursed +0 short sword
 t - a +0 dagger
 E - a +2 dagger of flaming
 I - the +7 hand axe "Ampiy" (weapon) {drain, Contam rF+ rN+}
   (You found it on level 5 of the Dungeon)

   A truly terrible weapon, it drains the life of those it strikes.
   It protects you from fire.
   It protects you from negative energy.
   It causes magical contamination when unequipped.
Armour
 a - a +0 robe (worn)
 b - a +0 hat (worn)
 F - a cursed +0 cloak of magic resistance (worn)
Magical devices
 B - a wand of confusion (10)
 J - a wand of random effects (26)
 L - a wand of paralysis (15)
Scrolls
 e - a scroll of enchant armour {unknown}
 f - 2 scrolls of recharging
 h - a scroll of fear {unknown}
 j - 6 scrolls of remove curse
 l - a scroll of teleportation
 m - a scroll of holy word {unknown}
 n - a scroll of random uselessness
 q - a scroll of magic mapping {unknown}
 x - a scroll of blinking {unknown}
 y - a scroll of amnesia
 D - 2 scrolls of immolation
 M - a scroll of enchant weapon {unknown}
Potions
 g - 2 potions of agility
 k - 3 potions of cancellation
 o - 4 potions of curing
 r - 2 potions of ambrosia
 s - a potion of heal wounds
 v - a potion of haste {unknown}
 z - a potion of might {unknown}
 H - 2 potions of cure mutation {unknown}
 K - a potion of invisibility {unknown}
 N - a potion of flight {unknown}
Books
 c - a book of Minor Magic

   Spells                             Type                      Level
   a - Magic Dart                     Conjuration                  1
   b - Blink                          Translocation                2
   c - Call Imp                       Summoning                    2
   d - Repel Missiles                 Charms/Air                   2
   e - Slow                           Hexes                        2
   f - Conjure Flame                  Conjuration/Fire             3
   g - Mephitic Cloud                 Conjuration/Poison/Air       3
 G - a book of Spatial Translocations

   Spells                             Type                      Level
   a - Apportation                    Translocation                1
   b - Blink                          Translocation                2
   c - Shroud of Golubria             Charms/Translocation         2
   d - Portal Projectile              Translocation                3
   e - Teleport Other                 Translocation                3
   f - Passage of Golubria            Translocation                4
Comestibles
 d - 6 bread rations
 p - 3 meat rations
 u - 4 fruits
 w - a royal jelly
 A - a beef jerky
 C - a slice of pizza
 O - 3 chunks of flesh


   Skills:
 + Level 2.5 Fighting
 + Level 6.4 Dodging
 - Level 2.4 Stealth
 * Level 10.3 Spellcasting
 + Level 5.7 Conjurations
 + Level 1.7 Charms
 - Level 4.2 Summonings
 + Level 3.4 Translocations
 * Level 3.7 Fire Magic
 * Level 3.9 Air Magic
 - Level 3.4 Poison Magic
 * Level 1.0 Invocations
 + Level 1.2 Evocations


You had 15 spell levels left.
You knew the following spells:

 Your Spells              Type           Power        Failure   Level  Hunger
a - Magic Dart            Conj           ####         1%          1    None
b - Conjure Flame         Conj/Fire      #####...     1%          3    None
c - Call Imp              Summ           #####...     1%          2    None
d - Blink                 Tloc           N/A          1%          2    None
e - Mephitic Cloud        Conj/Pois/Air  #####...     2%          3    None
f - Repel Missiles        Chrm/Air       ####..       1%          2    None


Dungeon Overview and Level Annotations

Branches:
Dungeon (8/15)             Temple (1/1) D:4
   Lair: D:8-11

Altars:
Ashenzari
Cheibriados
Dithmenos
Elyvilon
Fedhas
Gozag
Kikubaaqudgha
Makhleb
Nemelex Xobeh
Okawaru
Qazlal
Ru
Sif Muna
Trog
Vehumet
Xom
Yredelemnul
Zin
The Shining One

Shops:
D:5 !   D:7 }

Annotations:
D:7 Joseph
D:8 Duvessa


Message History

You hit Joseph.
Joseph is heavily wounded.
Joseph is engulfed in roaring flames.
Joseph hits you with an uncursed quarterstaff!
* * * LOW HITPOINT WARNING * * *
Joseph is engulfed in roaring flames.
Joseph closely misses you.
Drink which item? (? for menu, Esc to quit)
You feel much better.
You barely miss Joseph.
Joseph is severely wounded.
Joseph is engulfed in roaring flames.
Joseph hits you with an uncursed quarterstaff!
You slash Joseph!
Joseph is almost dead.
Joseph is engulfed in roaring flames.
Joseph hits you with an uncursed quarterstaff!
* * * LOW HITPOINT WARNING * * *
Joseph is engulfed in roaring flames.
Joseph hits you with an uncursed quarterstaff!
You die...

........# ###########
.........######..........
..................#######
###+####.########.# #.# #.# #.#
### #.# #.# #.# #..
#####.#####.####.########.#####.#
....)...)[>....@.............##.#
#####.####.@####@########.#...#.#
#..# #.# #.#.#.#'#
....####.########.#.#....
.........[.........#.#....
####..####[########.#.#....
##......[................
..................#.##...
#####....########.#.##.## +....#
.. #.#


You could see Joseph.

Vanquished Creatures
  Pikel (D:5)
  Prince Ribbit (D:5)
  A hungry ghost (D:7)
  Edmund (D:4)
  Menkaure (D:4)
  2 orc warriors
  A sky beast (D:7)
  2 ice beasts (D:6)
  3 centaurs
  2 giant frogs (D:6)
  A gnoll sergeant (D:7)
  3 crimson imps
  Dowan (D:8)
  4 hounds
  An orc priest (D:6)
  A goliath beetle (D:6)
  Crazy Yiuf (D:4)
  A gnoll shaman (D:7)
  3 iguanas
  6 orc wizards
  8 worker ants
  Natasha (twice) (D:6)
  Ijyb (D:2)
  A hound skeleton (D:7)
  A hound zombie (D:6)
  A mummy (D:6)
  Robin (D:3)
  13 adders
  15 gnolls
  2 shadow imps (D:7)
  A giant mite (D:5)
  3 worms
  2 giant geckos
  2 oozes
  21 orcs
  22 bats
  A bat skeleton (D:4)
  3 giant cockroaches
  13 goblins
  17 hobgoblins
  13 jackals
  3 quokkas
  A ball python (D:2)
  5 giant newts
  10 kobolds
  A quokka zombie (D:5)
  12 rats
212 creatures vanquished.

Vanquished Creatures (collateral kills)
  2 orcs (D:3)
2 creatures vanquished.

Vanquished Creatures (others)
  A slave (D:5)
  A bat skeleton (D:5)
  2 giant gecko zombies (D:5)
4 creatures vanquished.

Grand Total: 218 creatures vanquished

Notes
Turn   | Place    | Note
--------------------------------------------------------------
     0 | D:1      | faibistes, the Deep Elf Wizard, began the quest for the Orb.
     0 | D:1      | Reached XP level 1. HP: 10/10 MP: 6/6
   197 | D:1      | Reached XP level 2. HP: 13/15 MP: 5/10
   204 | D:1      | Learned a level 2 spell: Blink
   207 | D:1      | Learned a level 2 spell: Call Imp
   736 | D:1      | Reached skill level 5 in Spellcasting
   746 | D:1      | Reached XP level 3. HP: 11/19 MP: 1/14
  1083 | D:1      | Learned a level 3 spell: Conjure Flame
  1087 | D:1      | Learned a level 3 spell: Mephitic Cloud
  1762 | D:2      | Noticed Ijyb
  1792 | D:2      | Killed Ijyb
  1792 | D:2      | Reached XP level 4. HP: 24/24 MP: 1/17
  1802 | D:2      | Learned a level 2 spell: Repel Missiles
  1966 | D:2      | Found a radiant altar of Vehumet.
  2723 | D:3      | Reached skill level 6 in Spellcasting
  2866 | D:3      | Found a shadowy altar of Dithmenos.
  2919 | D:4      | Reached XP level 5. HP: 28/28 MP: 17/20
  3000 | D:3      | Noticed Robin
  3207 | D:3      | Killed Robin
  3503 | D:3      | Found a white marble altar of Elyvilon.
  3508 | D:3      | Found an ancient bone altar of Kikubaaqudgha.
  3970 | D:5      | Entered Level 5 of the Dungeon
  4027 | D:5      | Noticed Prince Ribbit
  4080 | D:5      | Killed Prince Ribbit
  4080 | D:5      | Reached skill level 7 in Spellcasting
  4080 | D:5      | Reached XP level 6. HP: 10/32 MP: 8/23
  4761 | D:4      | Reached XP level 7. HP: 34/37 MP: 21/25
  4807 | D:4      | Reached skill level 1 in Fighting
  4833 | D:4      | Found a sparkling altar of Nemelex Xobeh.
  4862 | D:4      | Reached skill level 5 in Dodging
  4998 | D:4      | Noticed Edmund
  5003 | D:4      | Noticed Menkaure
  5010 | D:4      | Killed Edmund
  5010 | D:4      | Reached skill level 8 in Spellcasting
  5016 | D:4      | Killed Menkaure
  5509 | D:4      | Found a staircase to the Ecumenical Temple.
  5516 | Temple   | Entered the Ecumenical Temple
  5573 | Temple   | Became a worshipper of Sif Muna the Loreminder
  5665 | D:4      | Noticed Crazy Yiuf
  5685 | D:4      | Killed Crazy Yiuf
  5888 | D:4      | Found a shattered altar of Ashenzari.
  6192 | D:5      | Noticed Pikel
  6194 | D:5      | Noticed a slave
  6194 | D:5      | Noticed a slave
  6196 | D:5      | Noticed a slave
  6197 | D:5      | Noticed a slave
  6202 | D:5      | Killed Pikel
  6202 | D:5      | Acquired Sif Muna's first power
  6202 | D:5      | Reached skill level 9 in Spellcasting
  6202 | D:5      | Reached skill level 1 in Air Magic
  6202 | D:5      | Reached XP level 8. HP: 44/44 MP: 17/28
  6402 | D:5      | Noticed a centaur
  6430 | D:5      | Killed a centaur
  7120 | D:5      | Found Icahafet's Distillery.
  7123 | D:5      | Bought a potion of poison for 11 gold pieces
  7124 | D:5      | Bought a potion of curing for 33 gold pieces
  7124 | D:5      | Bought a potion of heal wounds for 55 gold pieces
  7470 | D:5      | Killed a freed slave
  7506 | D:5      | Got a bone hand axe
  7507 | D:5      | Identified the +7 hand axe "Ampiy" {drain, Contam rF+ rN+} (You found it on level 5 of the Dungeon)
  7812 | D:6      | Reached skill level 5 in Conjurations
  7816 | D:6      | Acquired Sif Muna's second power
  8090 | D:6      | Reached XP level 9. HP: 29/48 MP: 19/29
  8562 | D:6      | Noticed Natasha
  8572 | D:6      | Killed Natasha
  9098 | D:6      | Reached skill level 10 in Spellcasting
  9245 | D:6      | Noticed Natasha
  9248 | D:6      | Killed Natasha
 10171 | D:7      | Reached skill level 1 in Evocations
 10176 | D:7      | Reached skill level 1 in Charms
 10324 | D:7      | Found a basalt altar of Yredelemnul.
 10373 | D:7      | Found Pruolof's Gadget Shop.
 10860 | D:8      | Noticed Duvessa
 10860 | D:8      | Noticed Dowan
 10866 | D:8      | Killed Dowan
 10871 | D:8      | Noticed Joseph
 10905 | D:7      | Reached skill level 1 in Invocations
 11148 | D:7      | Mangled by Joseph

Action                   |  1- 3 |  4- 6 |  7- 9 || total
-------------------------+-------+-------+-------++-------
Melee: Short sword       |     9 |     1 |       ||    10
       Dagger            |       |     2 |     8 ||    10
       Hand axe          |       |       |    45 ||    45
 Cast: Magic Dart        |    94 |   184 |   368 ||   646
       Blink             |     2 |     4 |    13 ||    19
       Mephitic Cloud    |     1 |     5 |    23 ||    29
       Repel Missiles    |       |     1 |     2 ||     3
       Call Imp          |       |     1 |       ||     1
       Conjure Flame     |       |     3 |    27 ||    30
  Use: Potion            |     5 |       |     2 ||     7
       Scroll            |       |     6 |     3 ||     9
 Stab: Confused          |     1 |       |     3 ||     4
       Sleeping          |       |       |     1 ||     1
  Eat: Chunk             |     2 |    10 |    20 ||    32
       Fruit             |       |       |     1 ||     1
